Map: Berlingrad LE

Players

DPGZest (Zest)

  • Race: Protoss Protoss

AgoElazer (Elazer) - Winner!

  • Race: Zerg Zerg

Event: TSL 8

VOD

Have the link to the VOD?

Description

Time

  • Played on: Nov. 28, 2021, 7:04 a.m.
  • Length: 8:00

All games in this series

Show
View Real Time Build Order
Export as new Build Order

DPGZest Protoss 

Build Orders: 1 Gate Expand, Oracle Opening 

Get SALT Encoding   

  12  0:00  Probe  
  13  0:12  Probe  
  14  0:19  Pylon  
  14  0:24  Probe  
  15  0:37  Probe (Chrono Boost)  
  15  0:40  Gateway  
  16  0:47  Probe (Chrono Boost)  
  16  0:49  Assimilator  
  17  0:52  Probe (Chrono Boost)  
  18  1:04  Probe  
  19  1:16  Probe  
  20  1:26  Nexus  
  20  1:36  Cybernetics Core  
  20  1:39  Probe  
  21  1:44  Assimilator  
  21  1:51  Probe  
  22  1:55  Pylon  
  22  2:03  Probe (Chrono Boost)  
  23  2:13  Adept  
  23  2:14  Probe (Chrono Boost)  
  26  2:18  Stargate  
  26  2:19  Probe (Chrono Boost)  
  27  2:25  Warp Gate  
  27  2:34  Probe (Chrono Boost)  
  28  2:38  Probe (Chrono Boost)  
  28  2:43  Adept  
  32  2:47  Probe (Chrono Boost)  
  32  2:48  Probe (Chrono Boost)  
  33  2:52  Probe (Chrono Boost)  
  33  2:55  Probe  
  35  2:59  Oracle (Chrono Boost)  
  35  3:04  Probe  
  39  3:07  Probe  
  39  3:12  Pylon  
  40  3:13  Stalker  
  40  3:17  Gateway  
  40  3:19  Probe  
  43  3:23  Probe  
  44  3:30  Twilight Council  
  44  3:32  Probe  
  45  3:35  Probe  
  46  3:44  Gateway x2  
  46  3:47  Pylon  
  46  3:48  Probe  
  47  3:50  Probe  
  48  4:01  Resonating Glaives (Chrono Boost)  
  48  4:03  Nexus  
  48  4:14  Adept x2  
  48  4:16  Assimilator  
  46  4:43  Adept x2  
  46  4:44  Adept x2  
  49  4:48  Probe  
  50  4:52  Probe  
  50  5:00  Probe  
  50  5:05  Adept x4, Probe  
  60  5:12  Probe  
  59  5:17  Probe  
  59  5:20  Probe  
  57  5:24  Probe  
  54  5:29  Probe (Chrono Boost)  
  54  5:32  Adept x3  
  54  5:33  Adept, Probe (Chrono Boost)  
  57  5:36  Probe (Chrono Boost)  
  57  5:41  Probe (Chrono Boost)  
  52  5:45  Probe (Chrono Boost)  
  52  5:48  Probe (Chrono Boost)  
  48  5:50  Probe (Chrono Boost)  
  48  5:51  Probe (Chrono Boost)  
  48  5:53  Probe (Chrono Boost)  
  48  5:55  Probe  
  49  5:59  Probe  
  49  6:03  Probe  
  52  6:10  Adept x2  
  52  6:11  Sentry  
  56  6:12  Sentry  
  56  6:17  Probe  
  61  6:20  Probe  
  61  6:21  Shield Battery  
  57  6:27  Probe  
  57  6:30  Probe (Chrono Boost)  
  57  6:32  Probe (Chrono Boost)  
  60  6:36  Sentry x3  
  60  6:37  Adept  
  60  6:39  Probe (Chrono Boost)  
  69  6:42  Probe (Chrono Boost)  
  69  6:44  Probe (Chrono Boost), Pylon  
  71  6:49  Probe (Chrono Boost)  
  71  6:52  Shield Battery  
  74  6:54  Pylon  
  74  6:58  Stalker  
  74  6:59  Stalker  
  76  7:05  Shield Battery  
  76  7:07  Gateway  
  76  7:08  Gateway  
  74  7:24  Stalker x3  
  74  7:30  Shield Battery  
  74  7:31  Pylon  
  66  7:39  Stalker  
Show
View Real Time Build Order
Export as new Build Order

AgoElazer Zerg - Winner!

Build Orders: Hatch First 

Get SALT Encoding   

  12  0:00  Drone  
  13  0:12  Overlord  
  13  0:17  Drone  
  14  0:31  Drone x2  
  16  0:49  Hatchery  
  15  0:52  Drone  
  15  0:56  Drone  
  17  0:59  Drone  
  18  1:10  Extractor  
  17  1:14  Spawning Pool  
  17  1:18  Drone  
  17  1:21  Drone  
  18  1:28  Drone  
  20  1:40  Drone  
  20  1:50  Overlord  
  20  2:02  Queen  
  20  2:04  Queen  
  20  2:05  Drone, Zergling x2  
  26  2:12  Drone  
  26  2:13  Metabolic Boost, Drone  
  28  2:21  Drone  
  29  2:23  Drone  
  30  2:32  Drone  
  30  2:35  Drone  
  32  2:40  Queen  
  32  2:43  Overlord  
  34  2:45  Drone  
  35  2:52  Hatchery  
  35  2:56  Drone  
  35  2:57  Overlord  
  35  3:05  Zergling x2  
  35  3:07  Queen  
  35  3:08  Drone  
  35  3:12  Drone x2  
  41  3:14  Drone  
  41  3:15  Drone  
  41  3:18  Drone  
  44  3:25  Overlord  
  44  3:26  Drone  
  45  3:27  Drone  
  45  3:30  Spore Crawler  
  45  3:39  Zergling x2  
  45  3:41  Queen  
  46  3:42  Zergling x2  
  46  3:43  Zergling x2  
  46  3:44  Zergling x6  
  46  3:46  Zergling x2  
  52  3:57  Drone  
  52  3:58  Drone x3  
  55  4:07  Drone x2  
  57  4:11  Overlord  
  57  4:14  Drone  
  58  4:17  Drone x4  
  58  4:21  Drone  
  60  4:26  Zergling x2  
  60  4:33  Zergling x4  
  61  4:39  Queen  
  61  4:41  Overlord  
  61  4:42  Zergling x8  
  65  4:48  Overlord  
  65  4:51  Extractor x2  
  61  4:53  Roach Warren  
  61  4:55  Zergling x2  
  61  4:56  Zergling x8  
  65  5:04  Queen  
  67  5:07  Zergling x6  
  68  5:15  Zergling x10  
  68  5:16  Zergling x4  
  68  5:21  Zergling x4  
  69  5:30  Overlord  
  69  5:31  Queen x2  
  67  5:37  Drone x3  
  65  5:46  Drone x4  
  65  5:47  Drone x3  
  65  5:48  Drone  
  70  5:56  Drone  
  68  6:05  Lair  
  68  6:07  Overlord  
  68  6:12  Roach x2  
  68  6:13  Roach x5  
  82  6:21  Spore Crawler  
  82  6:24  Roach x3  
  85  6:29  Roach  
  88  6:33  Overlord  
  88  6:39  Zergling x2  
  91  6:40  Zergling x10  
  91  6:46  Ravager  
  91  6:47  Ravager  
  96  6:50  Ravager  
  96  6:53  Zergling x14  
  104  6:59  Ravager  
  104  7:00  Queen x2  
  108  7:01  Overlord  
  108  7:08  Ravager  
  92  7:33  Drone x9  
  101  7:39  Overseer  
Tags
 
Add a new tag
Caveats
  • Supply blocks, unpowered buildings, or Contaminate may cause inaccurate times.
  • Supply counts are checked every 10 seconds.